 Dungeon Crawl Stone Soup version 0.29-a0-1019-g84f7d21838 (webtiles) character file.

Game seed: 1790221977464249976

144 quinnr the Gusty (level 5, -2/28 HPs)
             Began as a Tengu Air Elementalist on Aug 10, 2022.
             Slain by Grinder (7 damage)
             ... while paralysed by Grinder
             ... on level 3 of the Dungeon.
             The game lasted 00:06:47 (2915 turns).

quinnr the Gusty (Tengu Air Elementalist)           Turns: 2915, Time: 00:06:48

Health: -2/28      AC:  2    Str:  8    XL:     5   Next: 27%
Magic:  1/9        EV:  2    Int: 18    God:
Gold:   158        SH:  0    Dex: 14    Spells: 7/8 levels left

rFire   . . .      SeeInvis .   (no weapon)
rCold   . . .      Faith    .   (no shield)
rNeg    . . .      Spirit   .   a - +0 robe
rPois   .          Reflect  .   (helmet restricted)
rElec   .          Harm     .   (no cloak)
rCorr   .          Rampage  .   (no gloves)
Will    .....                   (boots unavailable)
Stlth   ++........              (no amulet)
HPRegen 0.09/turn               (no ring)
MPRegen 0.11/turn               (no ring)

@: paralysed, flying quickly and evasively, quick
A: beak, talons 3, nimble flight
a: no special abilities


You were on level 3 of the Dungeon.
You visited 1 branch of the dungeon, and saw 3 of its levels.

You collected 158 gold pieces.

Inventory:

Missiles
 j - 2 silver boomerangs
Armour
 a - a +0 robe (worn)
Scrolls
 c - a scroll of teleportation {unknown}
 d - a scroll of noise {unknown}
 f - a scroll of immolation {unknown}
 i - a scroll of fear {unknown}
 k - a scroll of identify {unknown}
 m - a scroll of amnesia {unknown}
Potions
 e - 4 potions of curing {unknown}
 g - 2 potions of heal wounds {unknown}
 h - a potion of haste {unknown}
 l - a potion of mutation {unknown}


   Skills:
 - Level 2.1 Dodging
 - Level 2.0 Stealth
 - Level 2.0 Spellcasting
 - Level 1.3 Conjurations
 + Level 7.7 Air Magic


You had 7 spell levels left.
You knew the following spells:

 Your Spells              Type           Power      Damage    Failure   Level
a - Shock                 Conj/Air       72%        1d7       2%          1

Your spell library contained the following spells:

 Spells                   Type           Power      Damage    Failure   Level
 Swiftness                Air            29%        N/A       2%          3
 Static Discharge         Conj/Air       18%        3-6/arc   4%          2
 Airstrike                Air            14%        2d(3-19)  8%          4


Dungeon Overview and Level Annotations

Branches:
Dungeon (3/15)

Altars:
Uskayaw
Zin

Annotations:
D:3 Grinder


Innate Abilities, Weirdness & Mutations

You have a beak for a mouth.
You have claws for feet.
Your magical nature lets you fly swiftly and evasively.


Message History

Grinder gestures at you.
You barely resist. Grinder hits you.
You can move again.
You are too injured to fight recklessly!
Unknown command.
Unknown command.
Unknown command.
Casting: Shock (safe; 2% risk of failure)
Confirm with . or Enter, or press ? or * to list all spells.
Aiming: Shock (safe; 2% risk of failure)
Press: ? - help, Shift-Dir - straight line, f/p - Grinder
Aim: Grinder (severely wounded, unusually resistant, 68% to hit)
The zap misses Grinder.
The zap hits Grinder.
Grinder resists.
Grinder is almost dead.
Grinder hits you.
* * * LOW HITPOINT WARNING * * *
Casting: Shock (safe; 2% risk of failure)
Confirm with . or Enter, or press ? or * to list all spells.
Aiming: Shock (safe; 2% risk of failure)
Press: ? - help, Shift-Dir - straight line, f/p - Grinder
Aim: Grinder (almost dead, unusually resistant, 68% to hit)
The zap hits Grinder.
Grinder resists.
Grinder is almost dead.
The zap hits Grinder.
Grinder resists.
Grinder is almost dead.
Grinder is no longer unusually resistant.
Grinder gestures at you.
You barely resist.
Casting: Shock (safe; 2% risk of failure)
Confirm with . or Enter, or press ? or * to list all spells.
Aiming: Shock (safe; 2% risk of failure)
Press: ? - help, Shift-Dir - straight line, f/p - Grinder
Aim: Grinder (almost dead, 68% to hit)
The zap misses Grinder.
The zap hits Grinder.
Grinder is almost dead.
Grinder gestures at you.
You suddenly lose the ability to move!
Grinder hits you!
You die...

# #....###..#### ##
#.#.#.###.5#.## .##
###....## ##....# ..##
##.###.## ###.##
...####...##.########..##
...+...............5....#
...####..........####.....#
..## ##.###.###5# #..####
.## #.##..# #@# #.## ##
#.##.## #.# #.# # #.##.#
#.# #.# #.##.####.# #.#
#.........# #.# #####
####.###### ....# #)#
.##.#######.# #.........#


You could see Grinder.

Vanquished Creatures
  An ogre (D:3)
  3 adders
  A worm (D:2)
  2 bats (D:1)
  3 endoplasms
  2 giant cockroaches
  5 goblins
  6 hobgoblins
  2 quokkas
  4 ball pythons
  3 frilled lizards
  2 kobolds (D:2)
  4 rats
  A toadstool (D:1)
39 creatures vanquished.

Vanquished Creatures (others)
  3 toadstools (D:1)
3 creatures vanquished.

Grand Total: 42 creatures vanquished

Notes
Turn   | Place    | Note
-------+----------+-------------------------------------------
     0 | D:1      | quinnr the Tengu Air Elementalist began the quest for the
                  | Orb.
     0 | D:1      | Reached XP level 1. HP: 10/10 MP: 4/4
   291 | D:1      | HP: 1/10 [hobgoblin (4)]
   611 | D:1      | Reached XP level 2. HP: 15/15 MP: 1/6
  1010 | D:1      | Reached skill level 5 in Air Magic
  1294 | D:2      | Found a hide-covered altar of Uskayaw.
  1577 | D:2      | Reached XP level 3. HP: 19/19 MP: 4/7
  1916 | D:2      | Found a faded altar of an unknown god.
  2090 | D:2      | Reached skill level 6 in Air Magic
  2534 | D:3      | Found a glowing silver altar of Zin.
  2567 | D:3      | Reached XP level 4. HP: 23/24 MP: 2/8
  2782 | D:3      | Noticed an ogre
  2798 | D:3      | Killed an ogre
  2799 | D:3      | Reached skill level 7 in Air Magic
  2799 | D:3      | Gained mutation: Your magical nature lets you fly swiftly
                  | and evasively. [Tengu growth]
  2799 | D:3      | Reached XP level 5. HP: 28/28 MP: 5/9
  2869 | D:3      | Noticed Grinder
  2908 | D:3      | Paralysed by Grinder for 4 turns
  2914 | D:3      | Paralysed by Grinder for 3 turns
  2915 | D:3      | Slain by Grinder

Illustrated notes

Levels and vault maps discovered:
D:1:      ldierk_water_garden, layout_basic, nicolae_figureground_sparkle
D:2:      layout_basic, basic_altar, hellmonk_ecumenical_altar_zigzags
D:3:      layout_loops_corners, lemuel_round_altar, mainiacjoe_overflow_paths,
          minmay_fractal_squares_gapless_5, uniq_natasha, uniq_grinder

Skill      XL: |  1  2  3  4 |
---------------+-------------+-----
Air Magic      | 5 6 7 |  7.7
Dodging        | |  2.1
Stealth        | |  2.0
Spellcasting   | |  2.0
Conjurations   | |  1.3

Action                   |  1- 3 |  4- 6 || total
-------------------------+-------+-------++-------
Melee: Unarmed           |    18 |       ||    18
       Kick              |     6 |       ||     6
       Peck              |     3 |       ||     3
 Cast: Shock             |    82 |    30 ||   112
  Use: Potion            |       |     1 ||     1
Armor: Robe              |     5 |     1 ||     6
Dodge: Dodged            |    36 |     5 ||    41

Table legend: (Time is in decaauts)
 A = Elapsed time spent in this place.
 B = Non-inter-level travel time spent in this place.
 C = Inter-level travel time spent in this place.
 D = Time resting spent in this place.
 E = Time spent auto-exploring this place.
 F = Levels seen in this place.
 G = Mean time per level.
                   A        B        C        D        E       F      G
               +--------+--------+--------+--------+--------+-----+--------+
         Total |   2908 |   2889 |     19 |    332 |   2218 |   3 |  969.3 |
       Dungeon |   2908 |   2889 |     19 |    332 |   2218 |   3 |  969.3 |
               +--------+--------+--------+--------+--------+-----+--------+

Top non-repeatable levels by time:
     D:1: 1291 daAuts
     D:2: 1231 daAuts
     D:3: 386 daAuts
